 Dungeon Crawl Stone Soup version 0.30-a0-528-g8c47a4955b (webtiles) character file.

Game seed: 7478840451809303993

1229 NinjaNoafa the Scholar of Death (level 8, -1/28 (52) HPs)
             Began as a Demonspawn Necromancer on Dec 24, 2022.
             Was a Follower of Kikubaaqudgha.
             Slain by a hornet (13 damage)
             ... on level 6 of the Dungeon.
             The game lasted 00:48:26 (6740 turns).

NinjaNoafa the Scholar of Death (DsNe)              Turns: 6740, Time: 00:48:27

HP:   -1/28 (52)    AC:  2    Str:  8    XL:     8   Next: 24%
MP:   17/17         EV: 12    Int: 19    God:    Kikubaaqudgha [*.....]
Gold: 271           SH:  0    Dex: 14    Spells: 3/19 levels left

rFire   . . .      SeeInvis .    i - +1 dagger (drain)
rCold   . . .      Faith    +    (no shield)
rNeg    + . .      Spirit   .    a - +0 robe
rPois   .          Reflect  .    (helmet restricted)
rElec   .          Harm     .    (no cloak)
rCorr   .          Rampage  .    (no gloves)
Will    .....                    (no boots)
Stlth   ++                       D - amulet of faith
HPRegen 0.24/turn                y - ring of positive energy
MPRegen 0.15/turn                f - ring of wizardry

@: animating dead, slowed, very heavily drained, very slow
A: antennae 1, hooves 2, spiny 1
a: Renounce Religion, Unearth Wretches


You were on level 6 of the Dungeon.
You worshipped Kikubaaqudgha.
Kikubaaqudgha was aware of your devotion.
You visited 2 branches of the dungeon, and saw 7 of its levels.

You collected 271 gold pieces.

Inventory:

Hand Weapons
 i - a +1 dagger of draining (weapon)
Missiles
 j - 51 stones
Armour
 a - a +0 robe (worn)
 z - a +0 kite shield
Jewellery
 f - a ring of wizardry (right hand)
 y - a ring of positive energy (left hand)
 D - an amulet of faith (around neck)
Wands
 m - a wand of iceblast (5)
 v - a wand of flame (6)
 F - a wand of mindburst (16)
Scrolls
 c - 3 scrolls of teleportation
 e - 2 scrolls of noise {unknown}
 h - 4 scrolls of vulnerability {unknown}
 k - a scroll of immolation {unknown}
 n - 2 scrolls of poison {unknown}
 p - a scroll of blinking {unknown}
 r - a scroll of silence {unknown}
 A - a scroll of enchant armour {unknown}
 B - a scroll of amnesia {unknown}
 E - a scroll of fear {unknown}
Potions
 d - a potion of degeneration {unknown}
 g - a potion of resistance {unknown}
 l - 2 potions of lignification
 o - a potion of might
 q - 3 potions of flight
 s - a potion of curing {unknown}
 t - a potion of ambrosia {unknown}
 u - a potion of heal wounds {unknown}
 w - 2 potions of invisibility
 x - 3 potions of haste {unknown}
 C - a potion of brilliance {unknown}


   Skills:
 - Level 1.7 Dodging
 - Level 1.7 Stealth
 + Level 6.0 Spellcasting
 * Level 9.5 Necromancy


You had 3 spell levels left.
You knew the following spells:

 Your Spells              Type           Power      Damage    Failure   Level
a - Necrotise             Necr           100%       1d9       1%          1
b - Vampiric Draining     Necr           42%        2d9       1%          3
c - Animate Dead          Necr           42%        N/A       1%          4
d - Kiss of Death         Conj/Necr      92%        2d12      1%          1
e - Cigotuvi's Dreadful   Necr/Pois/Air  34%        N/A       1%          2
f - Agony                 Necr           42%        N/A       2%          5

Your spell library contained the following spells:

 Spells                   Type           Power      Damage    Failure   Level
 Gell's Gravitas          Tloc           5%         N/A       13%         3
 Lesser Beckoning         Tloc           10%        N/A       13%         3
 Teleport Other           Tloc           5%         N/A       13%         3
 Olgreb's Toxic Radiance  Pois           5%         N/A       38%         4
 Summon Lightning Spire   Summ/Air       5%         N/A       38%         4
 Ozocubu's Refrigeration  Ice            2%         4d8       100%        7
 Storm Form               Tmut/Air       2%         N/A       100%        7
 Ignition                 Fire           2%         3d3       100%        8
 Maxwell's Capacitive Co  Air            2%         ∞         100%        8


Dungeon Overview and Level Annotations

Branches:
Dungeon (6/15)             Temple (1/1) D:4

Altars:
Ashenzari
Cheibriados
Dithmenos
Gozag
Kikubaaqudgha
Makhleb
Nemelex Xobeh
Ru
Trog
Uskayaw
Vehumet
Wu Jian
Xom
Yredelemnul

Shops:
D:3 :


Innate Abilities, Weirdness & Mutations

You have a pair of small antennae on your head.
You have hoof-like feet.
You are partially covered in sharp spines.


Message History

Casting: Necrotise (safe; 1% risk of failure)
Confirm with . or Enter, or press ? or * to list all spells.
Aiming: Agony (quite dangerous; 2% risk of failure)
Press: ? - help, Shift-Dir - straight line, f/p - gnoll
Aim: a gnoll, wielding a +0 whip (moderately wounded, chance to affect: 99%)
The gnoll convulses!
The gnoll is struck by your spines.
You kill the gnoll!
Kikubaaqudgha accepts your kill.
The dead are walking!
Casting: Agony (quite dangerous; 2% risk of failure)
Confirm with . or Enter, or press ? or * to list all spells.
Aiming: Agony (quite dangerous; 2% risk of failure)
Press: ? - help, Shift-Dir - straight line, f - gnoll
Aim: a gnoll, wielding a +0 club (ally target, chance to affect: 99%)
The gnoll convulses!
The hornet buzzes angrily.
You hear a shout!
The gnoll hits you with a +0 club.
The gnoll hits your gnoll zombie with a +0 club.
You see here a golden potion.
Your gnoll zombie hits the gnoll.
The gnoll hits your gnoll zombie with a +0 club!
The gnoll hits your gnoll zombie with a +0 club.
Your gnoll zombie is destroyed!
The hornet is struck by your spines. The hornet barely misses you.
Casting: Agony (quite dangerous; 2% risk of failure)
Confirm with . or Enter, or press ? or * to list all spells.
Aiming: Kiss of Death (safe; 1% risk of failure)
Press: ? - help, Shift-Dir - straight line, f - hornet, p - gnoll
Aim: a hornet (lightly wounded, 100% to hit)
The negative energy hits the hornet!
The hornet is drained!
The hornet is heavily wounded.
You feel drained. The hornet is struck by your spines. The hornet stings you.
You feel yourself slow down. The hornet stings you!
You feel as though you will be slow longer.
Casting: Kiss of Death (safe; 1% risk of failure)
Confirm with . or Enter, or press ? or * to list all spells.
You don't know that spell.
Magic courses through your body. The hornet stings you!
You die...
Kikubaaqudgha rasps: "You have failed me!
Welcome... death!"

...... ..#..# #o###
.....###########†#
......(..o..h...h#
.....###########.#
.....# #.#
.K######## # #..#
#.# ...?.....# #gg#
#.#
.........#######y#
#.#
.######?.#..<...@###
#.# #............#
### #.#
##.#.###.#.#)###..
.....##.##.#..#.#
###.###.###.#....#
#..............###.#
#####.###.###.<...#
...##.##.### #.###.#
...


You could see a hornet (drained) and 2 gnolls.

Vanquished Creatures
  Pargi (D:3)
  3 black bears
  An ogre (D:5)
  A phantom (D:5)
  A necrophage (D:6)
  2 scorpions
  A howler monkey (D:6)
  A jelly (D:6)
  2 orc priests (D:4)
  2 hounds
  A gnoll bouda (D:6)
  Ijyb (D:3)
  2 orc wizards (D:4)
  5 gnolls
  10 adders
  3 white imps
  2 worms (D:2)
  4 dart slugs
  7 orcs
  6 ball pythons
  3 bats
  8 endoplasms
  2 giant cockroaches (D:1)
  6 goblins
  4 hobgoblins
  8 kobolds
  3 quokkas
  A frilled lizard (D:2)
  5 rats
96 creatures vanquished.

Vanquished Creatures (collateral kills)
  A dart slug (D:2)
  A goblin (D:3)
  A ball python (D:4)
  A butterfly (D:4)
4 creatures vanquished.

Vanquished Creatures (others)
  A hound zombie (D:6)
  A howler monkey zombie (D:6)
  4 gnoll zombies (D:6)
  An endoplasm zombie (D:4)
  2 goblin zombies (D:3)
  4 orc zombies (D:4)
  20 plants (D:2)
33 creatures vanquished.

Grand Total: 133 creatures vanquished

Notes
Turn   | Place    | Note
-------+----------+-------------------------------------------
     0 | D:1      | NinjaNoafa the Demonspawn Necromancer began the quest for
                  | the Orb.
     0 | D:1      | Reached XP level 1. HP: 13/13 MP: 3/3
   303 | D:1      | Gained mutation: You are partially covered in sharp spines.
                  | [demonic ancestry]
   303 | D:1      | Reached XP level 2. HP: 14/19 MP: 1/5
   978 | D:1      | Reached skill level 5 in Necromancy
   978 | D:1      | Discovered your monstrous ancestry.
   978 | D:1      | Gained mutation: You have large cloven feet. [demonic
                  | ancestry]
   978 | D:1      | Reached XP level 3. HP: 24/24 MP: 1/7
  1184 | D:2      | Learned a level 3 spell: Vampiric Draining
  1511 | D:2      | Reached XP level 4. HP: 28/30 MP: 3/8
  2323 | D:2      | Learned a level 4 spell: Animate Dead
  2412 | D:3      | Found Kozipn's Book Boutique.
  2504 | D:3      | Noticed Ijyb
  2533 | D:3      | Killed Ijyb
  2534 | D:3      | Reached XP level 5. HP: 30/35 MP: 0/10
  2678 | D:3      | Noticed Pargi
  2692 | D:3      | Killed Pargi
  2693 | D:3      | Reached skill level 6 in Necromancy
  3267 | D:4      | Found a staircase to the Ecumenical Temple.
  3285 | Temple   | Entered the Ecumenical Temple
  3638 | Temple   | Became a worshipper of Kikubaaqudgha
  3706 | D:4      | Reached XP level 6. HP: 41/41 MP: 9/12
  3884 | D:4      | Reached skill level 7 in Necromancy
  4099 | D:4      | Found a broken altar of Ashenzari.
  4372 | D:5      | Entered Level 5 of the Dungeon
  4619 | D:5      | Gained mutation: You have hoof-like feet. [demonic
                  | ancestry]
  4619 | D:5      | Reached XP level 7. HP: 36/46 MP: 6/14
  4844 | D:5      | Reached skill level 5 in Spellcasting
  4982 | D:5      | Reached skill level 8 in Necromancy
  6031 | D:6      | Reached * piety under Kikubaaqudgha
  6031 | D:6      | Received a gift from Kikubaaqudgha
  6034 | D:6      | Learned a level 1 spell: Kiss of Death
  6037 | D:6      | Learned a level 2 spell: Cigotuvi's Dreadful Rot
  6198 | D:6      | Reached skill level 9 in Necromancy
  6202 | D:6      | Gained mutation: You have a pair of small antennae on your
                  | head. [demonic ancestry]
  6202 | D:6      | Reached XP level 8. HP: 33/45 MP: 6/16
  6459 | D:6      | Noticed a hornet
  6467 | D:6      | Paralysed by a hornet for 1 turns
  6480 | D:6      | Paralysed by a hornet for 3 turns
  6634 | D:5      | Learned a level 5 spell: Agony
  6740 | D:6      | Slain by a hornet

Illustrated notes

Levels and vault maps discovered:
D:1:      amcnicky_arrival_underground_garden, layout_basic,
          nicolae_grassy_gnolls
D:2:      layout_basic, lexackson_kobold_supper
D:3:      kennysheep_the_goblin_king, layout_loops_cross, serial_shops,
          shop_fountains, hangedman_abyss_or_decor_lesser_grid, uniq_pargi
D:4:      layout_basic, nicolae_ashenzari_skybound,
          minmay_temple_entry_butterflies
D:5:      layout_basic
D:6:      layout_loops_ring
Temple:   compressed_dpeg_triangle_lava_temple

Skill      XL: |  1  2  3  4  5  6  7  8 |
---------------+-------------------------+-----
Necromancy     | 5 6 7 9 |  9.5
Spellcasting   | 3 4 5 6 |  6.0
Dodging        | |  1.7
Stealth        | |  1.7

Action                   |  1- 3 |  4- 6 |  7- 9 || total
-------------------------+-------+-------+-------++-------
Melee: Dagger            |    13 |    35 |    39 ||    87
       Unarmed           |     2 |       |       ||     2
       Kick              |     2 |     3 |    13 ||    18
       Punch             |       |       |     1 ||     1
 Cast: Necrotise         |    47 |    75 |    40 ||   162
       Vampiric Draining |     3 |    10 |     9 ||    22
       Animate Dead      |       |     4 |     4 ||     8
       Cigotuvi's Dreadf |       |       |     4 ||     4
       Kiss of Death     |       |       |     2 ||     2
       Agony             |       |       |     2 ||     2
Evoke: Wand              |       |       |     1 ||     1
  Use: Scroll            |       |     6 |     4 ||    10
       Potion            |       |       |     2 ||     2
 Stab: Distracted        |       |     1 |       ||     1
       Sleeping          |       |       |     1 ||     1
Armor: Robe              |     4 |    17 |     2 ||    23
Dodge: Dodged            |    11 |    43 |    31 ||    85

Table legend: (Time is in decaauts)
 A = Elapsed time spent in this place.
 B = Non-inter-level travel time spent in this place.
 C = Inter-level travel time spent in this place.
 D = Time resting spent in this place.
 E = Time spent auto-exploring this place.
 F = Levels seen in this place.
 G = Mean time per level.
                   A        B        C        D        E       F      G
               +--------+--------+--------+--------+--------+-----+--------+
         Total |   6930 |   6518 |    412 |      0 |   5576 |   7 |  990.0 |
       Dungeon |   6538 |   6158 |    380 |      0 |   5225 |   6 | 1089.7 |
        Temple |    391 |    359 |     32 |      0 |    351 |   1 |  391.0 |
               +--------+--------+--------+--------+--------+-----+--------+

Top non-repeatable levels by time:
     D:5: 1665 daAuts
     D:2: 1191 daAuts
     D:1: 1170 daAuts
     D:3: 1029 daAuts
     D:4: 754 daAuts
     D:6: 727 daAuts
  Temple: 391 daAuts
